 Dungeon Crawl Stone Soup version 0.28-a0-802-g09f76e8c00 (webtiles) character file.

Game seed: 7745368613279148770

1036 iamoutofideas the Firebug (level 8, 27/53 HPs)
             Began as a Demonspawn Fire Elementalist on Nov 6, 2021.
             Quit the game on level 5 of the Dungeon.
             The game lasted 00:12:10 (7861 turns).

iamoutofideas the Firebug (DsFE)                    Turns: 7861, Time: 00:12:11

Health: 27/53      AC:  7    Str:  8    XL:     8   Next: 4%
Magic:  7/16       EV: 13    Int: 18    God:
Gold:   96         SH:  0    Dex: 21    Spells: 8/18 levels left

rFire   . . .      SeeInvis .   (no weapon)
rCold   . . .      Faith    .   (no shield)
rNeg    . . .      Spirit   .   c - +0 steam dragon scales
rPois   .          Reflect  .   (no helmet)
rElec   .          Harm     .   q - +0 cloak
rCorr   .          Rampage  .   (no gloves)
Will    .....                   n - +0 pair of boots
Stlth   ++........              p - amulet of magic regeneration
HPRegen 0.17/turn               t - +6 ring of dexterity
MPRegen 0.40/turn               (no ring)

@: no status effects
A: hooves 2, demonic guardian 1, ignite blood 1
a: no special abilities


You were on level 5 of the Dungeon.
You visited 1 branch of the dungeon, and saw 5 of its levels.

You collected 154 gold pieces.
You spent 58 gold pieces at shops.

Inventory:

Armour
 c - +0 steam dragon scales (worn)
 n - a +0 pair of boots (worn)
 q - a +0 cloak (worn)
Jewellery
 p - an amulet of magic regeneration (around neck)
 t - a +6 ring of dexterity (left hand)
Wands
 l - a wand of flame (11)
 o - a wand of polymorph (4)
 u - a wand of paralysis (9)
Scrolls
 b - a scroll of brand weapon {unknown}
 e - 2 scrolls of amnesia {unknown}
 f - a scroll of torment {unknown}
 g - 2 scrolls of summoning {unknown}
 j - a scroll of blinking {unknown}
 k - a scroll of enchant armour {unknown}
 m - 2 scrolls of fog {unknown}
 r - a scroll of immolation {unknown}
 s - a scroll of acquirement {unknown}
 v - a scroll of teleportation
Potions
 a - a potion of curing
 d - 3 potions of might
 h - 3 potions of heal wounds
 i - a potion of mutation


   Skills:
 + Level 0.9 Fighting
 + Level 2.7 Dodging
 - Level 1.8 Stealth
 + Level 0.3 Unarmed Combat
 + Level 5.7 Spellcasting
 + Level 3.6 Conjurations
 + Level 5.7 Fire Magic


You had 8 spell levels left.
You knew the following spells:

 Your Spells              Type           Power      Damage    Failure   Level
a - Foxfire               Conj/Fire      84%        2x1d8     1%          1
b - Scorch                Fire           50%        2d8       1%          2
c - Conjure Flame         Conj/Fire      21%        6-21      5%          3
d - Flame Wave            Conj/Fire      21%        3d6       19%         4

Your spell library contained the following spells:

 Spells                   Type           Power      Damage    Failure   Level
 Static Discharge         Conj/Air       11%        N/A       9%          2
 Beastly Appendage        Tmut           10%        N/A       12%         1
 Summon Small Mammal      Summ           20%        N/A       12%         1
 Inner Flame              Hex/Fire       15%        N/A       12%         3
 Corpse Rot               Necr/Air       10%        N/A       19%         2
 Wereblood                Tmut           5%         N/A       19%         2
 Call Canine Familiar     Summ           5%         N/A       36%         3
 Ozocubu's Armour         Ice            5%         N/A       36%         3
 Spider Form              Tmut/Pois      5%         N/A       36%         3
 Summon Guardian Golem    Hex/Summ       5%         N/A       36%         3
 Dispel Undead            Necr           5%         3d7       77%         4
 Lightning Bolt           Conj/Air       5%         1d17      86%         5
 Metabolic Englaciation   Hex/Ice        2%         N/A       98%         5
 Death Channel            Necr           2%         N/A       100%        6
 Simulacrum               Ice/Necr       2%         N/A       100%        6
 Orb of Destruction       Conj           9%         9d4       100%        7
 Spellforged Servitor     Conj/Summ      5%         N/A       100%        7
 Maxwell's Capacitive Co  Air            2%         ∞         100%        8


Dungeon Overview and Level Annotations

Branches:
Dungeon (5/15)             Temple (0/1) D:4

Altars:
Beogh

Shops:
D:1 [(?[?   D:4 ?

Annotations:
D:3 1 runed translucent door, Maimakterion's ghost, amateur FoFi
D:4 3 runed translucent doors, McGhostyFace's ghost, novice GnWz


Innate Abilities, Weirdness & Mutations

You have hoof-like feet.
A weak demonic guardian rushes to your aid.
Your demonic aura sometimes causes spilled blood to erupt in flames.


Message History

The bullfrog skeleton is almost destroyed.
The white imp gestures at you. The puff of frost hits you.
Unknown command.
Casting: Scorch (safe; 1% risk of failure)
Confirm with . or Enter, or press ? or * to list all spells.
Okay, then.
Casting: Scorch (safe; 1% risk of failure)
Confirm with . or Enter, or press ? or * to list all spells.
The spell is quite dangerous to cast (19% risk of failure)!
Continue anyway?
Casting: Flame Wave (quite dangerous; 19% risk of failure)
Press: ? - help, Dir - look around, f - activate A wave of flame ripples out!
The flame wave engulfs the shadow imp.
The shadow imp is moderately wounded.
The flame wave engulfs the bullfrog skeleton!!
The bullfrog skeleton is burned terribly!
You destroy the bullfrog skeleton! (Press . to intensify the flame waves.)
The white imp gestures at you. The puff of frost misses you.
The shadow imp hits you.
You have reached level 8!
You feel agile.
Your demonic ancestry asserts itself...
You feel the presence of a demonic guardian.
A wave of flame ripples out!
The flame wave engulfs the shadow imp!
You kill the shadow imp!
The white imp lashes its tail. x2
A wave of flame ripples out!
The flame wave engulfs the white imp!
The white imp is burned terribly!
The white imp is almost dead.
The flame wave engulfs the white imp!
The white imp is burned terribly!
You kill the white imp!
You finish channelling waves of flame.
The white imp gestures at you. The puff of frost hits you!
Casting: Flame Wave (quite dangerous; 19% risk of failure)
Confirm with . or Enter, or press ? or * to list all spells.
You conjure some foxfire!
The foxfire hits the white imp!
The white imp is burned terribly!
You kill the white imp!
Are you sure you want to abandon this character and quit the game? (Confirm with "yes".)

#.#...# .......##
##...## ##[......##
##.#.##
$##.........####....####
$...........+...........
..........###........#
#.§.....# #.#.#.####
#§§v..# #.###.# #. #§@.#
#.###.# #.
##§#######.#...# #.
#.........#.### #.
#..######.#.#####. ##..#
#.......##
##...######.#.######
#.....##......#
##...###.##.###
##..###.##.#


There were no monsters in sight!

Vanquished Creatures
  A steam dragon (D:4)
  A hornet zombie (D:4)
  3 scorpions
  A water moccasin skeleton (D:5)
  A howler monkey (D:5)
  3 hounds
  A centaur skeleton (D:5)
  An orc priest (D:3)
  A bullfrog skeleton (D:5)
  Crazy Yiuf (D:3)
  An iguana (D:4)
  An orc wizard (D:3)
  Natasha (thrice) (D:3)
  2 hound skeletons
  3 gnolls (D:3)
  A howler monkey skeleton (D:4)
  4 adders
  A shadow imp (D:5)
  3 white imps (D:5)
  An ufetubus (D:3)
  4 worms
  5 dart slugs
  9 orcs
  3 bats
  5 endoplasms
  A giant cockroach (D:4)
  12 goblins
  2 hobgoblins (D:1)
  4 jackals
  8 kobolds
  4 quokkas
  5 ball pythons
  3 frilled lizards
  6 rats
105 creatures vanquished.

Vanquished Creatures (collateral kills)
  A foxfire (D:1)
1 creature vanquished.

Vanquished Creatures (others)
  420 foxfires
  A plant (D:1)
421 creatures vanquished.

Grand Total: 527 creatures vanquished

Notes
Turn   | Place    | Note
-------+----------+-------------------------------------------
     0 | D:1      | iamoutofideas the Demonspawn Fire Elementalist began the
                  | quest for the Orb.
     0 | D:1      | Reached XP level 1. HP: 13/13 MP: 3/3
   214 | D:1      | Found Finunur's Magic Scroll Emporium.
   234 | D:1      | Bought a scroll of identify for 22 gold pieces
   320 | D:1      | Gained mutation: You have large cloven feet. [demonic
                  | ancestry]
   320 | D:1      | Reached XP level 2. HP: 19/19 MP: 1/5
   712 | D:1      | Found Panita's Armour Boutique.
   852 | D:1      | Found Amuiciu's Weapon Boutique.
  1004 | D:1      | Found Hurip's Magic Scroll Shoppe.
  1021 | D:1      | Found Ciyck's Armour Shop.
  1178 | D:1      | Found a faded altar of an unknown god.
  1316 | D:2      | Reached XP level 3. HP: 24/24 MP: 2/6
  1603 | D:2      | Learned a level 2 spell: Scorch
  2766 | D:3      | Gained mutation: Your demonic aura sometimes causes spilled
                  | blood to erupt in flames. [demonic ancestry]
  2766 | D:3      | Reached XP level 4. HP: 30/30 MP: 0/8
  3274 | D:3      | Reached XP level 5. HP: 31/35 MP: 6/10
  3495 | D:3      | Noticed Maimakterion's ghost (amateur FoFi)
  3495 | D:3      | Noticed Natasha
  3500 | D:3      | Killed Natasha
  3557 | D:3      | Found a runed translucent door.
  3586 | D:3      | Found a runed translucent door.
  3587 | D:3      | Noticed Crazy Yiuf
  3779 | D:3      | Noticed Natasha
  3804 | D:3      | Killed Natasha
  5048 | D:3      | Gained mutation: You have hoof-like feet. [demonic
                  | ancestry]
  5048 | D:3      | Reached XP level 6. HP: 32/41 MP: 6/11
  5431 | D:3      | Noticed Natasha
  5434 | D:3      | Killed Natasha
  5624 | D:3      | Killed Crazy Yiuf
  6626 | D:4      | Noticed a steam dragon
  6946 | D:4      | Killed a steam dragon
  6947 | D:4      | Reached XP level 7. HP: 47/47 MP: 5/14
  7021 | D:4      | Found a staircase to the Ecumenical Temple.
  7069 | D:4      | Reached skill level 5 in Fire Magic
  7084 | D:4      | Learned a level 3 spell: Conjure Flame
  7089 | D:4      | Learned a level 4 spell: Flame Wave
  7104 | D:4      | Found Aneudomu's Magic Scroll Boutique.
  7107 | D:4      | Bought a scroll of teleportation for 36 gold pieces
  7248 | D:4      | Found a runed translucent gate.
  7248 | D:4      | Found a runed translucent gate.
  7249 | D:4      | Noticed McGhostyFace's ghost (novice GnWz)
  7250 | D:4      | Found a runed translucent gate.
  7540 | D:5      | Entered Level 5 of the Dungeon
  7546 | D:5      | Reached skill level 5 in Spellcasting
  7857 | D:5      | Gained mutation: A weak demonic guardian rushes to your
                  | aid. [demonic ancestry]
  7857 | D:5      | Reached XP level 8. HP: 36/53 MP: 9/16
  7861 | D:5      | Quit the game

Illustrated notes

Levels and vault maps discovered:
D:1:      giann_forest_graveyard, layout_basic,
          hellmonk_ecumenical_altar_zigzags, serial_forest,
          infiniplex_forest_straight_4, infiniplex_forest_end_1,
          infiniplex_forest_straight_2, infiniplex_forest_lined_room_2,
          infiniplex_forest_diagonal, infiniplex_forest_zigzag_1,
          infiniplex_forest_zigzag_2, infiniplex_forest_clump_small,
          infiniplex_forest_zigzag_1, serial_shops, nicolae_shop_crystal, shop,
          nicolae_shop_waterfront, shop, shop
D:2:      layout_basic, minmay_vboxes
D:3:      minmay_wonky_spiral, layout_rooms, hellmonk_ghost_happy_afterlife,
          serial_curves, eino_curves_03, eino_curves_02,
          uniq_crazy_yiuf_cottage, uniq_natasha
D:4:      layout_basic, minmay_temple_entry_glass, serial_shops,
          kennysheep_mini_moat, biasface_ghost_orc_armoury,
          kennysheep_generic_room_3
D:5:      kennysheep_six_static_rooms, layout_loops_corners,
          nicolae_uskayaw_murder_on_the_dancefloor, hangedman_decor_riveting,
          grunt_decor_mini_mirrors, grunt_ministairs_10, due_unseen_surprise,
          uniq_prince_ribbit1

Skill      XL: |  1  2  3  4  5  6  7 |
---------------+----------------------+-----
Fire Magic     | 3 4 5 |  5.7
Dodging        | 2 |  2.7
Spellcasting   | 3 4 5 |  5.7
Conjurations   | 2 3 |  3.6
Fighting       | |  0.9
Stealth        | |  1.8
Unarmed Combat | |  0.3

Action                   |  1- 3 |  4- 6 |  7- 9 || total
-------------------------+-------+-------+-------++-------
Melee: Unarmed           |     1 |    17 |       ||    18
 Cast: Foxfire           |    96 |    93 |    60 ||   249
       Scorch            |     3 |    25 |    11 ||    39
       Flame Wave        |       |       |     1 ||     1
  Use: Scroll            |       |     3 |     1 ||     4
Armor: Robe              |     2 |     6 |       ||     8
       Steam dragon scal |       |       |     4 ||     4
Dodge: Dodged            |    17 |    35 |    11 ||    63

Table legend: (Time is in decaauts)
 A = Elapsed time spent in this place.
 B = Non-inter-level travel time spent in this place.
 C = Inter-level travel time spent in this place.
 D = Time resting spent in this place.
 E = Time spent auto-exploring this place.
 F = Levels seen in this place.
 G = Mean time per level.
                   A        B        C        D        E       F      G
               +--------+--------+--------+--------+--------+-----+--------+
         Total |   7886 |   7003 |    883 |   1403 |   4438 |   5 | 1577.2 |
       Dungeon |   7886 |   7003 |    883 |   1403 |   4438 |   5 | 1577.2 |
               +--------+--------+--------+--------+--------+-----+--------+

Top non-repeatable levels by time:
     D:3: 2722 daAuts
     D:2: 2290 daAuts
     D:1: 1567 daAuts
     D:4: 986 daAuts
     D:5: 320 daAuts
